 Dungeon Crawl Stone Soup version 0.27.0-1-g7a089689b8 (webtiles) character file.

Game seed: 7583413788956463467

33 Descartes the Ducker (level 3, -2/17 HPs)
             Began as a Felid Chaos Knight on Aug 10, 2021.
             Was a Plaything of Xom.
             Slain by a gnoll (8 damage)
             ... on level 2 of the Dungeon.
             The game lasted 00:02:07 (2161 turns).

Descartes the Ducker (Felid Chaos Knight)           Turns: 2161, Time: 00:02:09

Health: -2/17      AC:  1    Str:  9    XL:     3   Next: 12%
Magic:  4/4        EV: 23    Int: 13    God:    Xom [......]
Gold:   35         SH:  0    Dex: 15    Spells: 2/2 levels left
                                        Lives:  0   Deaths: 0

rFire    . . .     SeeInvis +     - Unarmed
rCold    . . .     Faith    .   (shield unavailable)
rNeg     . . .     Spirit   .   (armour unavailable)
rPois    .         Reflect  .   (helmet unavailable)
rElec    .         Harm     .   (cloak unavailable)
rCorr    .         Rampage  .   (gloves unavailable)
Will     .....                  (boots unavailable)
Stlth    +.........             (no amulet)
HPRegen  0.05/turn              b - +4 ring of evasion
MPRegen  0.09/turn              (no ring)

@: quick
A: very small, claws 1, fangs 3, see invisible, speed 1, shaggy fur 1, stealthy
paws, no weapons or thrown items, no armour, multi-lived
a: Renounce Religion


You were on level 2 of the Dungeon.
You worshipped Xom.
You were a very special plaything of Xom.
You visited 1 branch of the dungeon, and saw 2 of its levels.

You collected 35 gold pieces.

Inventory:

Jewellery
 b - a +4 ring of evasion (left paw)
Scrolls
 a - a scroll of identify {unknown}
 c - a scroll of magic mapping {unknown}
 e - a scroll of amnesia {unknown}
 f - a scroll of fog {unknown}
Potions
 d - a potion of heal wounds {unknown}


   Skills:
 - Level 3.0 Fighting
 + Level 5.2 Dodging
 - Level 3.0 Unarmed Combat


You had 2 spell levels left.
You didn't know any spells.
Your spell library was empty.

Dungeon Overview and Level Annotations

Branches:
Dungeon (2/15)

Altars:


Innate Abilities, Weirdness & Mutations

You have sharp claws.
You have razor-sharp teeth.
You have supernaturally acute eyesight. (SInv)
You cover ground quickly. (Speed+)
You are covered in fur. (AC +1)
Your paws help you pounce on unaware monsters.
You are incapable of wielding weapons or throwing items.
You cannot wear armour.
You gain extra lives every three experience levels.


Message History

Nothing appears to happen...
Ominous!
You see here 26 arrows.
A gnoll is nearby!
The gnoll shouts!
You hear a shout!
The gnoll shouts!
The gnoll shouts!
You completely miss the gnoll. The gnoll closely misses you.
You scratch the gnoll. Your claw misses the gnoll.
The gnoll is moderately wounded.
The gnoll closely misses you.
You scratch the gnoll but do no damage.
The gnoll is moderately wounded.
The gnoll completely misses you.
You closely miss the gnoll.
The gnoll is moderately wounded.
The gnoll completely misses you.
You closely miss the gnoll.
The gnoll is moderately wounded. "Have a taste of chaos, mortal."
The gnoll's +0 club erupts in a glittering mayhem of colour.
The gnoll closely misses you.
The gnoll hits you from afar with a +0 spear.
You barely miss the gnoll.
The gnoll is moderately wounded.
The gnoll misses you. x3
You closely miss the gnoll.
The gnoll is moderately wounded.
The gnoll completely misses you. x2; The gnoll misses you.
The gnoll hits you from afar with a +0 spear.
You barely miss the gnoll.
The gnoll is moderately wounded.
The gnoll completely misses you. x2
The gnoll hits you from afar with a +0 spear.
You scratch the gnoll but do no damage.
The gnoll is moderately wounded.
The gnoll hits you with a +3 club of chaos.
The gnoll burns you.
The gnoll hits you with a +4 club of chaos!
You die...
Xom snickers!

#.# ∆ ####### #.. #.....#
#.############# #.###.#######
#.##... .....#.
#.#.........###.##.# ##.##.#.
#.#.#.#####........###.[...#.
#.(.#...............##.....#.
#########..###....#..........#.#.
...........###.g@g.....###...#.#.
###............).g..#..# #..g....
#.##..#.##<...g......###.....#.
#............................#.
#..##.#.#.........#..###..#....
###........#.###.#..#..# #..####.
...........#........#..# #.......
.....#.............#...####.####.
.....#......................# #g


You could see 4 gnolls.

Vanquished Creatures
  An adder (D:2)
  An adder skeleton (D:2)
  A worm (D:2)
  2 endoplasms (D:1)
  2 giant cockroaches
  2 hobgoblins
  4 kobolds (D:1)
  2 ball pythons (D:2)
  3 frilled lizards
  A rat (D:1)
19 creatures vanquished.

Vanquished Creatures (others)
  2 fungi (D:2)
  13 plants (D:2)
15 creatures vanquished.

Grand Total: 34 creatures vanquished

Notes
Turn   | Place    | Note
-------+----------+-------------------------------------------
     0 | D:1      | Descartes the Felid Chaos Knight began the quest for the
                  | Orb.
     0 | D:1      | Reached XP level 1. HP: 10/10 MP: 2/2
    15 | D:1      | XOM: butterfly on damage
   285 | D:1      | XOM: silly message
   517 | D:1      | Reached skill level 4 in Dodging
   704 | D:1      | Reached XP level 2. HP: 14/14 MP: 3/3
  1281 | D:1      | XOM: divination: magic mapping
  1321 | D:1      | XOM is BORED!
  1321 | D:1      | XOM: noise
  1396 | D:2      | Reached skill level 5 in Dodging
  1525 | D:2      | XOM: divination: detect items
  1530 | D:2      | Reached XP level 3. HP: 11/17 MP: 4/4
  1731 | D:2      | XOM: 3-stop teleportation journey
  1739 | D:2      | XOM: silly message
  1758 | D:2      | XOM: chaos upgrade
  2141 | D:2      | XOM: silly message
  2157 | D:2      | XOM: chaos upgrade
  2161 | D:2      | Slain by a gnoll

Illustrated notes

Levels and vault maps discovered:
D:1:      dpeg_arrival_tiny_c, layout_basic
D:2:      layout_basic, shapermc_ecumenical_altar_mp_ritualfount

Skill      XL: |  1  2 |
---------------+-------+-----
Dodging        | 4 5 |  5.2
Fighting       | |  3.0
Unarmed Combat | |  3.0

Action                   || total
-------------------------++-------
Melee: Unarmed           ||    85
       Bite              ||     9
       Punch             ||     1
 Stab: Sleeping          ||     2
Armor: Skin              ||     1
Dodge: Dodged            ||    74
